 Dungeon Crawl Stone Soup version 0.14-a0-1613-gd720e3e (webtiles) character file.

97 M4edhros the Ruinous (level 2, -1/19 HPs)
             Began as an Octopode Wanderer on Dec 25, 2013.
             Slain by a hobgoblin
             ... wielding a +0,+1 orcish club
              (2 damage)
             ... on Level 1 of the Dungeon.
             The game lasted 00:01:20 (734 turns).

M4edhros the Ruinous (Octopode Wanderer)             Turns: 734, Time: 00:01:20

HP  -1/19        AC  1     Str 11      XL: 2   Next: 79%
MP   5/5         EV 11     Int 16      God:
Gold 77          SH  0     Dex  9      Spells:  1 memorised,  4 levels left

rFire  . . .     SeeInvis .     b - +0 quarterstaff
rCold  . . .     Clarity  .     (no shield)
rNeg   . . .     Conserve .     (helmet restricted)
rPois  .         rCorr    .     (no amulet)
rElec  .         rRot     .     (no ring)
SustAb . .       Spirit   .     (no ring)
rMut   .         Warding  .     (no ring)
Saprov . . .     Stasis   .     (no ring)
                                (no ring)
                                (no ring)
                                (no ring)
                                (no ring)

@: not resistant to hostile enchantments, stealthy
A: almost no armour, amphibious, 8 rings, constrict 8, camouflage 1, gelatinous
body 1
a: no special abilities


You were on level 1 of the Dungeon.
You were not hungry.

You visited 1 branch of the dungeon, and saw 2 of its levels.

You collected 77 gold pieces.

Inventory:

Hand weapons
 b - a +0,+0 quarterstaff (weapon)
Comestibles
 f - 3 bread rations
Scrolls
 c - a scroll of recharging {unknown}
 e - a scroll of identify {unknown}
Books
 a - a book of Minor Magic

   Spells                             Type                      Level
   *Magic Dart                        Conjuration                  1
   Blink                              Translocation                2
   Call Imp                           Summoning                    2
   Repel Missiles                     Charms/Air                   2
   Slow                               Hexes                        2
   Conjure Flame                      Conjuration/Fire             3
   Mephitic Cloud                     Conjuration/Poison/Air       3


   Skills:
 - Level 2.0 Fighting
 - Level 1.3 Stealth
   Level 1.0 Shields
 + Level 2.1 Spellcasting
 - Level 3.0 Conjurations
   Level 2.0 Air Magic
   Level 1.0 Invocations


You had 4 spell levels left.
You knew the following spells:

 Your Spells              Type           Power        Failure   Level  Hunger
a - Magic Dart            Conj           ##..         8%          1    #......


Dungeon Overview and Level Annotations

Branches:
Dungeon (2/16)

Altars:

Annotations:
D:2 Sigmund


Innate Abilities, Weirdness & Mutations

You cannot wear most types of armour.
You are amphibious.
You can wear up to eight rings at the same time.
You can use your tentacles to constrict many enemies at once.
Your skin changes colour to match your surroundings (Stlth).
Your rubbery body absorbs attacks (AC +1).


Message History

You see here a tomahawk.
The hobgoblin throws a tomahawk.
The tomahawk hits you!
You see here a tomahawk.
The hobgoblin throws a tomahawk.
The tomahawk misses you.
The hobgoblin throws a tomahawk.
The tomahawk misses you.
You see here a tomahawk.
The hobgoblin throws a tomahawk.
The tomahawk hits you!
* * * LOW HITPOINT WARNING * * *
You see here a tomahawk.
The hobgoblin hits you with an orcish club.
* * * LOW HITPOINT WARNING * * *
You are too injured to fight recklessly!
You closely miss the hobgoblin. Your grab misses the hobgoblin.
The hobgoblin barely misses you.
You are too injured to fight recklessly!
You are too injured to fight recklessly!
Drink which item? (? for menu, Esc to quit)
You feel refreshed.
It was a potion of restore abilities.
The hobgoblin hits you with an orcish club.
You die...

##.##.# #.#.# #.# #.##.#.#
##.##.# #.#.# #.# #.##.#.#
##.##.###.#.###.# #.##.#.#
##.##.#......##.# #.#.....
.............##.# #.#.....
##.####......##.# #.#..... ##.#
#......##.# ###.#.....
##.######.#####.########.........
.....%....((.((.@g...............
##..........)...............#####
######.....)..#########....#
########## #....# #....# ######


You could see a hobgoblin.

Vanquished Creatures
  A gnoll (D:1)
  3 hobgoblins (D:1)
  A kobold (D:1)
  2 giant newts (D:1)
  A goblin (D:1)
  3 rats (D:1)
11 creatures vanquished.

Notes
Turn   | Place    | Note
--------------------------------------------------------------
     0 | D:1      | M4edhros, the Octopode Wanderer, began the quest for the Orb.
     0 | D:1      | Reached XP level 1. HP: 14/14 MP: 2/2
   147 | D:1      | Reached skill level 1 in Spellcasting
   400 | D:1      | Reached XP level 2. HP: 19/19 MP: 4/4
   671 | D:2      | Noticed Sigmund
   676 | D:1      | Learned a level 1 spell: Magic Dart
   734 | D:1      | Slain by a hobgoblin

Action                   || total
-------------------------++-------
Melee: Quarterstaff      ||    25
  Use: Potion            ||     1
 Stab: Sleeping          ||     2
